Construct Infanterie Kompanie
Construct Panzergrenadier Kompanie
Pak 40 Anti-tank Gun Team
Selects Mechanized Battlegroup
Selects 8 Rad Armored Car
Selects UNKNOWN (2160084)
Selects Wespe Self-propelled Artillery
Wespe Self-propelled Artillery
Panzergrenadier Officer Quarters
Selects Zeroing Artillery Barrage
Zeroing Artillery Barrage
Nebelwerfer 42 Rocket Launcher Team
Wespe Self-propelled Artillery
Zeroing Artillery Barrage